KUUJJUAQ MOSQUITO vs PHILADELPHIA RAIDERS

Created - 12 novembre 2025 at 08:48

Goals
1 2 3 T
KUUJJUAQ MOSQUITO 2 0 1 3
PHILADELPHIA RAIDERS 1 2 2 5
Shots
1 2 3 T
KUUJJUAQ MOSQUITO 13 8 9 30
PHILADELPHIA RAIDERS 25 27 15 67

1st period

1. PHILADELPHIA RAIDERS , Zack Ostapchuk 11 (Shai Buium 4) at 1:22
2. KUUJJUAQ MOSQUITO , Niko Huuhtanen 2 (Reece Newkirk 2, Xavier Parent 6) at 5:16
3. KUUJJUAQ MOSQUITO , Scott Harrington 1 (Adam Sykora 3, Alex Swetlikoff 2) at 8:13 (PP)

Penalties :
Shai Buium (PHI) for Hooking (Minor) at 6:39, Donovan Sebrango (PHI) for Tripping (Minor) at 12:37, Dyllan Gill (KUU) for Interference (Minor) at 15:05

2nd period

4. PHILADELPHIA RAIDERS , Matthew Poitras 10 (Jaycob Megna 4) at 2:05
5. PHILADELPHIA RAIDERS , Matthew Poitras 11 (Lukas Rousek 5, Curtis Lazar 7) at 14:23

Penalties :
Bradley Marek (KUU) for Hooking (Minor) at 4:45, Zack Ostapchuk (PHI) for Boarding (Minor) at 11:38

3rd period

6. PHILADELPHIA RAIDERS , Donovan Sebrango 1 (Riley Kidney 4, Tyce Thompson 1) at 17:05
7. KUUJJUAQ MOSQUITO , Niko Huuhtanen 3 (Reece Newkirk 3, Xavier Parent 7) at 19:18
8. PHILADELPHIA RAIDERS , Matthew Poitras 12 (Curtis Lazar 8) at 19:34 (Empty Net)

Penalties :
Dyllan Gill (KUU) for Tripping (Minor) at 3:40, Dyllan Gill (KUU) for Hooking (Minor) at 11:40, Scott Harrington (KUU) for Tripping (Minor) at 13:51

Goalie Stats

Hunter Shepard (KUU), 62 saves from 66 shots - (0,939), L, 2-7-0, 59:48 minutes
Jaxson Stauber (PHI), 27 saves from 30 shots - (0,900), W, 8-2-1, 60:00 minutes

Players Stats for KUUJJUAQ MOSQUITO

Player Name              G  A  P  +/- PIM S  H  SB GA TA FO     MP     PP MP  PK MP  
------------------------------------------------------------------------------------
Adam Sykora              0  1  1  -1  0   3  0  0  0  0  22/36  26:47   2:24   3:35 
Alex Swetlikoff          0  1  1   0  0   3  1  1  0  0  7/8    25:59   2:34   2:38 
Ben Zloty                0  0  0   1  0   0  0  5  0  0  0/0    16:23   2:47   2:53 
Bokondji Imama           0  0  0   0  0   0  0  0  0  0  0/0     2:18   0:00   1:21 
Bradley Marek            0  0  0   0  2   5  0  1  0  0  1/1    23:42   2:24   0:47 
Dyllan Gill              0  0  0   1  6   1  2  1  0  0  0/0    12:28   1:10   1:35 
Jakub Dvorak             0  0  0  -3  0   1  1  1  0  0  0/0    15:45   0:00   2:21 
Jordan Harris            0  0  0  -4  0   1  0  4  0  0  0/0    23:15   2:21   4:15 
Josh Davies              0  0  0   0  0   0  0  0  0  0  1/2     1:45   0:00   1:45 
Justin Gill              0  0  0  -2  0   0  0  0  0  0  0/1     5:12   0:00   0:46 
Marc McLaughlin          0  0  0   0  0   5  1  0  0  0  9/17   20:00   2:58   2:23 
Maveric Lamoureux        0  0  0   0  0   0  0  0  0  0  0/0     0:37   0:00   0:00 
Niko Huuhtanen           2  0  2  -1  0   7  3  0  0  0  3/12   26:20   3:08   3:37 
Reece Newkirk            0  2  2  -2  0   1  0  0  0  0  6/13    8:32   0:00   0:00 
Scott Harrington         1  0  1  -1  2   3  1  3  0  0  0/0    26:12   2:25   2:15 
Tobias Bjornfot          0  0  0   0  0   0  0  1  0  0  0/0    22:24   2:21   4:12 
Tyler Thorpe             0  0  0   0  0   0  1  0  0  0  0/0     5:44   0:00   0:00 
Xavier Parent            0  2  2  -3  0   0  0  0  0  0  2/4    26:37   3:08   5:17 

Players Stats for PHILADELPHIA RAIDERS

Player Name              G  A  P  +/- PIM S  H  SB GA TA FO     MP     PP MP  PK MP  
------------------------------------------------------------------------------------
Brandon Scanlin          0  0  0   1  0   0  3  1  0  0  0/0    26:49   4:20   2:42 
Cameron Lund             0  0  0   1  0   2  0  0  0  0  1/5    12:29   2:22   0:34 
Curtis Lazar             0  2  2   1  0   13 3  1  0  0  4/5    21:12   5:01   2:30 
Dennis Cholowski         0  0  0   2  0   5  0  0  0  0  0/0    24:26   4:31   2:05 
Donovan Sebrango         1  0  1   0  2   1  1  0  0  0  0/0     9:48   3:00   0:38 
Gavin Hayes              0  0  0   1  0   3  0  0  0  0  0/1    21:52   3:57   0:00 
Jaycob Megna             0  1  1   1  0   1  0  0  0  0  0/0    27:15   3:38   3:21 
Jayden Grubbe            0  0  0   0  0   0  0  0  0  0  0/0     1:59   0:30   0:00 
Jett Luchanko            0  0  0   0  0   0  0  0  0  0  0/0     0:00   0:00   0:00 
Jonathan Gruden          0  0  0   1  0   7  0  2  0  0  2/4    22:19   4:24   0:00 
Lukas Rousek             0  1  1   1  0   0  2  0  0  0  3/4    21:36   5:03   2:52 
Matthew Poitras          3  0  3   2  0   14 1  0  0  0  17/40  27:12   5:01   2:16 
Noah Warren              0  0  0   1  0   0  1  0  0  0  0/0     4:17   1:01   0:00 
Riley Kidney             0  1  1   1  0   4  1  0  0  0  3/7    15:49   0:00   2:52 
Shai Buium               0  1  1   1  2   2  8  2  0  0  0/0    26:50   3:20   2:18 
Simon Lundmark           0  0  0   0  0   0  0  0  0  0  0/0     0:33   0:00   0:00 
Tyce Thompson            0  1  1   0  0   0  1  0  0  0  1/2     8:50   0:00   0:00 
Zack Ostapchuk           1  0  1   1  2   15 7  1  0  0  12/26  21:09   3:27   0:00 

3 Stars

1 - Matthew Poitras (PHI)
2 - Hunter Shepard (KUU)
3 - Zack Ostapchuk (PHI)

Power Play

KUUJJUAQ MOSQUITO - 1 on 3 Attempt(s) - 33,33%
PHILADELPHIA RAIDERS - 0 on 5 Attempt(s) - 0,00%

Penalty Kill

KUUJJUAQ MOSQUITO - 5 on 5 Attempt(s) - 100,00% - Score 0 goal in Penalty Kill
PHILADELPHIA RAIDERS - 2 on 3 Attempt(s) - 66,67% - Score 0 goal in Penalty Kill

Team Stat

KUUJJUAQ MOSQUITO - Hits : 10 - Faceoff Wins : 51 - Blocked Shots : 17 - Penalty Minutes : 10
PHILADELPHIA RAIDERS - Hits : 28 - Faceoff Wins : 43 - Blocked Shots : 7 - Penalty Minutes : 6

Official

Referees : Reid Anderson and Jon McIsaac
Linesman : Ryan Daisy and Jesse Marquis

Game Notes

Maveric Lamoureux is injured at 1:24 of 1st period (Groin)
Matthew Poitras has scored a Hat Trick!
Matthew Poitras has scored in a empty net!

KUUJJUAQ MOSQUITO

5 vs 5 Forward 
   Center                   Left Wing                Right Wing               Time % Phy DF OF 
 1 Marc McLaughlin          Xavier Parent            Niko Huuhtanen           36     1   2  2  
 2 Adam Sykora              Alex Swetlikoff          Bradley Marek            31     1   2  2  
 3 Niko Huuhtanen           Tyler Thorpe             Marc McLaughlin          23     1   2  2  
 4 Reece Newkirk            Niko Huuhtanen           Xavier Parent            10     1   2  2  

5 vs 5 Defense 
   Defense                  Defense                                           Time % Phy DF OF 
 1 Jakub Dvorak             Jordan Harris                                     36     1   2  2  
 2 Scott Harrington         Maveric Lamoureux                                 31     1   2  2  
 3 Jordan Harris            Tobias Bjornfot                                   23     1   2  2  
 4 Scott Harrington         Jordan Harris                                     10     1   2  2  

PowerPlay Forward 
   Center                   Left Wing                Right Wing               Time % Phy DF OF 
 1 Marc McLaughlin          Xavier Parent            Niko Huuhtanen           55     1   2  2  
 2 Adam Sykora              Alex Swetlikoff          Bradley Marek            45     1   2  2  

PowerPlay Defense
   Defense                  Defense                                           Time % Phy DF OF 
 1 Tobias Bjornfot          Jordan Harris                                     55     1   2  2  
 2 Scott Harrington         Maveric Lamoureux                                 45     1   2  2  

Penalty Kill 4 Players Forward 
   Center                   Wing                     Time % Phy DF OF 
 1 Alex Swetlikoff          Xavier Parent            55     1   2  2  
 2 Niko Huuhtanen           Adam Sykora              45     1   2  2  

Penalty Kill 4 Players Defense
   Defense                  Defense                  Time % Phy DF OF 
 1 Tobias Bjornfot          Jordan Harris            55     1   2  2  
 2 Scott Harrington         Maveric Lamoureux        45     1   2  2  

Penalty Kill - 3 Players Forward 
   Forward                                           Time % Phy DF OF 
 1 Niko Huuhtanen                                    55     1   2  2  
 2 Xavier Parent                                     45     1   2  2  

Penalty Kill - 3 Players Defense
   Defense                  Defense                  Time % Phy DF OF 
 1 Tobias Bjornfot          Jordan Harris            55     1   2  2  
 2 Scott Harrington         Maveric Lamoureux        45     1   2  2  

4 vs 4 Forward 
   Center                   Wing                     Time % Phy DF OF 
 1 Alex Swetlikoff          Xavier Parent            55     1   2  2  
 2 Niko Huuhtanen           Adam Sykora              45     1   2  2  

4 vs 4 Defense
   Defense                  Defense                  Time % Phy DF OF 
 1 Jakub Dvorak             Jordan Harris            55     1   2  2  
 2 Scott Harrington         Maveric Lamoureux        45     1   2  2  

Last Minutes Offensive
   Center                   Left Wing                Right Wing               Defense                  Defense                  
   Adam Sykora              Xavier Parent            Niko Huuhtanen           Scott Harrington         Jordan Harris            

Last Minutes Defensive
   Center                   Left Wing                Right Wing               Defense                  Defense                  
   Adam Sykora              Xavier Parent            Niko Huuhtanen           Scott Harrington         Jordan Harris            

Goaltenders
Starting : Hunter Shepard           
Backup : Nikke Kokko              

Extra Forwards
Normal : Justin Gill, Xavier Parent, Marc McLaughlin - PP : Justin Gill, Niko Huuhtanen - PK : Marc McLaughlin
Extra Defensemen
Normal : Jordan Harris, Tobias Bjornfot, Scott Harrington - PP : Scott Harrington - PK : Tobias Bjornfot, Scott Harrington
Penalty Shots
Marc McLaughlin, Xavier Parent, Niko Huuhtanen, Adam Sykora, Alex Swetlikoff

Scratches
Quinn Olson (Healthy), Tory Dello (Sprained Left Finger Injury), Mats Lindgren (Healthy), Ryan Leonard (Bruised Left Arm Injury), Pavel Cajan (Healthy)

PHILADELPHIA RAIDERS

5 vs 5 Forward 
   Center                   Left Wing                Right Wing               Time % Phy DF OF 
 1 Matthew Poitras          Curtis Lazar             Lukas Rousek             36     1   2  2  
 2 Zack Ostapchuk           Jonathan Gruden          Gavin Hayes              31     1   2  2  
 3 Matthew Poitras          Riley Kidney             Cameron Lund             23     1   2  2  
 4 Riley Kidney             Tyce Thompson            Matthew Poitras          10     1   2  2  

5 vs 5 Defense 
   Defense                  Defense                                           Time % Phy DF OF 
 1 Jaycob Megna             Shai Buium                                        36     1   2  2  
 2 Dennis Cholowski         Brandon Scanlin                                   31     1   2  2  
 3 Dennis Cholowski         Jaycob Megna                                      23     1   2  2  
 4 Shai Buium               Jaycob Megna                                      10     1   2  2  

PowerPlay Forward 
   Center                   Left Wing                Right Wing               Time % Phy DF OF 
 1 Matthew Poitras          Curtis Lazar             Lukas Rousek             55     1   2  2  
 2 Zack Ostapchuk           Jonathan Gruden          Gavin Hayes              45     1   2  2  

PowerPlay Defense
   Defense                  Defense                                           Time % Phy DF OF 
 1 Jaycob Megna             Shai Buium                                        55     1   2  2  
 2 Dennis Cholowski         Brandon Scanlin                                   45     1   2  2  

Penalty Kill 4 Players Forward 
   Center                   Wing                     Time % Phy DF OF 
 1 Curtis Lazar             Matthew Poitras          55     1   2  2  
 2 Lukas Rousek             Riley Kidney             45     1   2  2  

Penalty Kill 4 Players Defense
   Defense                  Defense                  Time % Phy DF OF 
 1 Jaycob Megna             Shai Buium               55     1   2  2  
 2 Dennis Cholowski         Brandon Scanlin          45     1   2  2  

Penalty Kill - 3 Players Forward 
   Forward                                           Time % Phy DF OF 
 1 Riley Kidney                                      55     1   2  2  
 2 Matthew Poitras                                   45     1   2  2  

Penalty Kill - 3 Players Defense
   Defense                  Defense                  Time % Phy DF OF 
 1 Jaycob Megna             Dennis Cholowski         55     1   2  2  
 2 Shai Buium               Brandon Scanlin          45     1   2  2  

4 vs 4 Forward 
   Center                   Wing                     Time % Phy DF OF 
 1 Lukas Rousek             Matthew Poitras          55     1   2  2  
 2 Curtis Lazar             Cameron Lund             45     1   2  2  

4 vs 4 Defense
   Defense                  Defense                  Time % Phy DF OF 
 1 Jaycob Megna             Shai Buium               55     1   2  2  
 2 Dennis Cholowski         Brandon Scanlin          45     1   2  2  

Last Minutes Offensive
   Center                   Left Wing                Right Wing               Defense                  Defense                  
   Matthew Poitras          Curtis Lazar             Lukas Rousek             Jaycob Megna             Shai Buium               

Last Minutes Defensive
   Center                   Left Wing                Right Wing               Defense                  Defense                  
   Matthew Poitras          Curtis Lazar             Lukas Rousek             Jaycob Megna             Shai Buium               

Goaltenders
Starting : Jaxson Stauber           
Backup : Aaron Dell               

Extra Forwards
Normal : Matthew Poitras, Tyce Thompson, Curtis Lazar - PP : Matthew Poitras, Lukas Rousek - PK : Matthew Poitras
Extra Defensemen
Normal : Jaycob Megna, Shai Buium, Brandon Scanlin - PP : Jaycob Megna - PK : Brandon Scanlin, Jaycob Megna
Penalty Shots
Tyce Thompson, Matthew Poitras, Curtis Lazar, Lukas Rousek, Zack Ostapchuk

Scratches
Artur Cholach (Healthy), John Ludvig (Healthy), Cale Fleury (Healthy), Ethan Gauthier (Healthy), Hank Kempf (Healthy)
Kalan Lind (Healthy), Michael Callahan (Healthy)

% Time on Ice - KUUJJUAQ MOSQUITO

Lines # - Real PCT - Wanted PCT - Time Play
Normal Forward
1 - 21% - 36% - 9:29
2 - 46% - 31% - 20:32
3 - 13% - 23% - 5:44
4 - 19% - 10% - 8:32
Normal Defense
1 - 26% - 36% - 11:39
2 - 61% - 31% - 26:50
3 - 10% - 23% - 4:25
4 - 3% - 10% - 1:23
PP Forward
1 - 57% - 55% - 3:08
2 - 43% - 45% - 2:24
PP Defense
1 - 42% - 55% - 2:21
2 - 58% - 45% - 3:11
PK Forward
1 - 64% - 55% - 6:18
2 - 36% - 45% - 3:37
PK Defense
1 - 19% - 55% - 1:55
2 - 81% - 45% - 8:00
PK3 Forward
1 - 0% - 55%
2 - 0% - 45%
PK3 Defense
1 - 0% - 55%
2 - 0% - 45%
44 Forward
1 - 0% - 55%
2 - 0% - 45%
44 Defense
1 - 0% - 55%
2 - 0% - 45%
Last Minute Offensive  - 0:16
Last Minute Defensive  - 0:00
Total
Forward - 60:00
Defense - 60:00

% Time on Ice - PHILADELPHIA RAIDERS

Lines # - Real PCT - Wanted PCT - Time Play
Normal Forward
1 - 30% - 36% - 13:25
2 - 40% - 31% - 17:55
3 - 19% - 23% - 8:17
4 - 11% - 10% - 4:40
Normal Defense
1 - 44% - 36% - 19:37
2 - 42% - 31% - 18:31
3 - 6% - 23% - 2:43
4 - 8% - 10% - 3:26
PP Forward
1 - 55% - 55% - 5:28
2 - 45% - 45% - 4:27
PP Defense
1 - 66% - 55% - 6:34
2 - 34% - 45% - 3:21
PK Forward
1 - 48% - 55% - 2:40
2 - 52% - 45% - 2:52
PK Defense
1 - 64% - 55% - 3:32
2 - 36% - 45% - 2:00
PK3 Forward
1 - 0% - 55%
2 - 0% - 45%
PK3 Defense
1 - 0% - 55%
2 - 0% - 45%
44 Forward
1 - 0% - 55%
2 - 0% - 45%
44 Defense
1 - 0% - 55%
2 - 0% - 45%
Last Minute Offensive  - 0:00
Last Minute Defensive  - 0:16
Total
Forward - 60:00
Defense - 60:00

Play-by-Play

1st period


0:01 of 1st period - Marc McLaughlin wins face-off versus Matthew Poitras in neutral zone.
0:12 of 1st period - Shot by Matthew Poitras.
0:12 of 1st period - Stopped by Hunter Shepard without a rebound.
0:13 of 1st period - Adam Sykora wins face-off versus Zack Ostapchuk in KUUJJUAQ MOSQUITO zone.
0:39 of 1st period - Shot by Bradley Marek.
0:39 of 1st period - Stopped by Jaxson Stauber without a rebound.
0:40 of 1st period - Matthew Poitras wins face-off versus Niko Huuhtanen in PHILADELPHIA RAIDERS zone.
0:40 of 1st period - Matthew Poitras is hit by Tyler Thorpe.
1:00 of 1st period - Shot by Niko Huuhtanen.
1:00 of 1st period - Stopped by Jaxson Stauber without a rebound.
1:01 of 1st period - Matthew Poitras wins face-off versus Adam Sykora in PHILADELPHIA RAIDERS zone.
1:08 of 1st period - Shot by Curtis Lazar.
1:08 of 1st period - Stopped by Hunter Shepard without a rebound.
1:09 of 1st period - Zack Ostapchuk wins face-off versus Reece Newkirk in KUUJJUAQ MOSQUITO zone.
1:10 of 1st period - Shot by Shai Buium.
1:10 of 1st period - Shot Misses the Net.
1:12 of 1st period - Shot by Zack Ostapchuk.
1:12 of 1st period - Shot Misses the Net.
1:22 of 1st period - Shot by Zack Ostapchuk.
1:22 of 1st period - Goal by Zack Ostapchuk - KUUJJUAQ MOSQUITO : 0 - PHILADELPHIA RAIDERS : 1.
1:23 of 1st period - Adam Sykora wins face-off versus Matthew Poitras in neutral zone.
1:23 of 1st period - Maveric Lamoureux is hit by Matthew Poitras and loses puck.
1:24 of 1st period - Maveric Lamoureux from KUUJJUAQ MOSQUITO is injured at 1:24 of 1st period (Groin).
1:25 of 1st period - Riley Kidney wins face-off versus Marc McLaughlin in neutral zone.
1:34 of 1st period - Shot by Riley Kidney.
1:34 of 1st period - Stopped by Hunter Shepard with a rebound.
1:44 of 1st period - Shot by Niko Huuhtanen.
1:44 of 1st period - Deflect By Marc McLaughlin.
1:44 of 1st period - Shot Misses the Net.
3:11 of 1st period - Shot by Curtis Lazar.
3:11 of 1st period - Stopped by Hunter Shepard without a rebound.
3:12 of 1st period - Adam Sykora wins face-off versus Matthew Poitras in KUUJJUAQ MOSQUITO zone.
3:22 of 1st period - Shot by Alex Swetlikoff.
3:22 of 1st period - Stopped by Jaxson Stauber without a rebound.
3:23 of 1st period - Adam Sykora wins face-off versus Matthew Poitras in PHILADELPHIA RAIDERS zone.
3:24 of 1st period - Shot by Bradley Marek.
3:24 of 1st period - Stopped by Jaxson Stauber with a rebound.
3:36 of 1st period - Shot by Matthew Poitras.
3:36 of 1st period - Shot Blocked by Ben Zloty.
3:38 of 1st period - Shot by Matthew Poitras.
3:38 of 1st period - Shot Misses the Net.
3:40 of 1st period - Shot by Curtis Lazar.
3:40 of 1st period - Shot Blocked by Dyllan Gill.
3:59 of 1st period - Icing by Dyllan Gill.
4:00 of 1st period - Zack Ostapchuk wins face-off versus Adam Sykora in KUUJJUAQ MOSQUITO zone.
4:01 of 1st period - Shot by Jonathan Gruden.
4:01 of 1st period - Shot Misses the Net.
4:03 of 1st period - Shot by Zack Ostapchuk.
4:03 of 1st period - Stopped by Hunter Shepard with a rebound.
4:05 of 1st period - Shot by Zack Ostapchuk.
4:05 of 1st period - Stopped by Hunter Shepard with a rebound.
4:20 of 1st period - Shot by Zack Ostapchuk.
4:20 of 1st period - Shot Blocked by Ben Zloty.
4:22 of 1st period - Shot by Zack Ostapchuk.
4:22 of 1st period - Stopped by Hunter Shepard with a rebound.
4:24 of 1st period - Shot by Zack Ostapchuk.
4:24 of 1st period - Stopped by Hunter Shepard with a rebound.
4:26 of 1st period - Shot by Jaycob Megna.
4:26 of 1st period - Shot Blocked by Ben Zloty.
5:14 of 1st period - Shot by Niko Huuhtanen.
5:14 of 1st period - Stopped by Jaxson Stauber with a rebound.
5:16 of 1st period - Shot by Niko Huuhtanen.
5:16 of 1st period - Goal by Niko Huuhtanen - KUUJJUAQ MOSQUITO : 1 - PHILADELPHIA RAIDERS : 1.
5:17 of 1st period - Matthew Poitras wins face-off versus Niko Huuhtanen in neutral zone.
5:26 of 1st period - Shot by Tyler Thorpe.
5:26 of 1st period - Shot Misses the Net.
5:28 of 1st period - Shot by Marc McLaughlin.
5:28 of 1st period - Shot Misses the Net.
5:30 of 1st period - Shot by Jordan Harris.
5:30 of 1st period - Stopped by Jaxson Stauber without a rebound.
5:31 of 1st period - Reece Newkirk wins face-off versus Gavin Hayes in PHILADELPHIA RAIDERS zone.
5:37 of 1st period - Icing by Jaycob Megna.
5:38 of 1st period - Zack Ostapchuk wins face-off versus Niko Huuhtanen in PHILADELPHIA RAIDERS zone.
5:46 of 1st period - Icing by Jordan Harris.
5:47 of 1st period - Niko Huuhtanen wins face-off versus Matthew Poitras in KUUJJUAQ MOSQUITO zone.
6:19 of 1st period - Shot by Curtis Lazar.
6:19 of 1st period - Stopped by Hunter Shepard without a rebound.
6:20 of 1st period - Zack Ostapchuk wins face-off versus Adam Sykora in KUUJJUAQ MOSQUITO zone.
6:31 of 1st period - Alex Swetlikoff is hit by Shai Buium and loses puck.
6:34 of 1st period - Shot by Dyllan Gill.
6:34 of 1st period - Stopped by Jaxson Stauber without a rebound.
6:35 of 1st period - Xavier Parent wins face-off versus Matthew Poitras in PHILADELPHIA RAIDERS zone.
6:36 of 1st period - Shot by Reece Newkirk.
6:36 of 1st period - Shot Misses the Net.
6:39 of 1st period - Minor Penalty to Shai Buium for Hooking.
6:40 of 1st period - Curtis Lazar wins face-off versus Adam Sykora in PHILADELPHIA RAIDERS zone.
8:11 of 1st period - Shot by Adam Sykora.
8:11 of 1st period - Shot Misses the Net.
8:13 of 1st period - Shot by Scott Harrington.
8:13 of 1st period - Goal by Scott Harrington - KUUJJUAQ MOSQUITO : 2 - PHILADELPHIA RAIDERS : 1.
8:14 of 1st period - Adam Sykora wins face-off versus Zack Ostapchuk in neutral zone.
8:25 of 1st period - Shot by Alex Swetlikoff.
8:25 of 1st period - Shot Misses the Net.
8:33 of 1st period - Shot by Zack Ostapchuk.
8:33 of 1st period - Stopped by Hunter Shepard with a rebound.
8:55 of 1st period - Shot by Riley Kidney.
8:55 of 1st period - Deflect By Cameron Lund.
8:55 of 1st period - Shot Misses the Net.
9:08 of 1st period - Shot by Matthew Poitras.
9:08 of 1st period - Stopped by Hunter Shepard without a rebound.
9:09 of 1st period - Xavier Parent wins face-off versus Matthew Poitras in KUUJJUAQ MOSQUITO zone.
10:20 of 1st period - Zack Ostapchuk is hit by Marc McLaughlin and loses puck.
10:46 of 1st period - Xavier Parent is hit by Shai Buium and loses puck.
11:19 of 1st period - Tobias Bjornfot is hit by Tyce Thompson and loses puck.
11:26 of 1st period - Shot by Riley Kidney.
11:26 of 1st period - Stopped by Hunter Shepard without a rebound.
11:27 of 1st period - Marc McLaughlin wins face-off versus Riley Kidney in KUUJJUAQ MOSQUITO zone.
12:07 of 1st period - Xavier Parent is hit by Donovan Sebrango and loses puck.
12:22 of 1st period - Shot by Adam Sykora.
12:22 of 1st period - Shot Misses the Net.
12:35 of 1st period - Alex Swetlikoff is hit by Shai Buium and loses puck.
12:37 of 1st period - Minor Penalty to Donovan Sebrango for Tripping.
12:38 of 1st period - Adam Sykora wins face-off versus Lukas Rousek in PHILADELPHIA RAIDERS zone.
12:38 of 1st period - Adam Sykora is hit by Brandon Scanlin.
12:46 of 1st period - Shot by Bradley Marek.
12:46 of 1st period - Shot Misses the Net.
12:48 of 1st period - Shot by Dyllan Gill.
12:48 of 1st period - Shot Blocked by Brandon Scanlin.
12:50 of 1st period - Shot by Bradley Marek.
12:50 of 1st period - Deflect By Adam Sykora.
12:50 of 1st period - Stopped by Jaxson Stauber without a rebound.
12:51 of 1st period - Alex Swetlikoff wins face-off versus Cameron Lund in PHILADELPHIA RAIDERS zone.
13:00 of 1st period - Shot by Alex Swetlikoff.
13:00 of 1st period - Stopped by Jaxson Stauber without a rebound.
13:01 of 1st period - Curtis Lazar wins face-off versus Marc McLaughlin in PHILADELPHIA RAIDERS zone.
13:20 of 1st period - Off-side.
13:21 of 1st period - Lukas Rousek wins face-off versus Adam Sykora in neutral zone.
13:29 of 1st period - Icing by Adam Sykora.
13:30 of 1st period - Lukas Rousek wins face-off versus Adam Sykora in KUUJJUAQ MOSQUITO zone.
13:33 of 1st period - Shot by Riley Kidney.
13:33 of 1st period - Shot Misses the Net.
14:21 of 1st period - Shot by Marc McLaughlin.
14:21 of 1st period - Stopped by Jaxson Stauber with a rebound.
14:27 of 1st period - Jordan Harris is hit by Lukas Rousek and loses puck.
14:34 of 1st period - Shot by Riley Kidney.
14:34 of 1st period - Shot Blocked by Jordan Harris.
14:53 of 1st period - Jonathan Gruden is hit by Dyllan Gill and loses puck.
15:05 of 1st period - Minor Penalty to Dyllan Gill for Interference.
15:06 of 1st period - Matthew Poitras wins face-off versus Adam Sykora in KUUJJUAQ MOSQUITO zone.
15:11 of 1st period - Shot by Matthew Poitras.
15:11 of 1st period - Stopped by Hunter Shepard without a rebound.
15:12 of 1st period - Curtis Lazar wins face-off versus Adam Sykora in KUUJJUAQ MOSQUITO zone.
15:23 of 1st period - Shot by Curtis Lazar.
15:23 of 1st period - Shot Misses the Net.
15:25 of 1st period - Shot by Matthew Poitras.
15:25 of 1st period - Shot Misses the Net.
15:27 of 1st period - Shot by Matthew Poitras.
15:27 of 1st period - Stopped by Hunter Shepard without a rebound.
15:28 of 1st period - Alex Swetlikoff wins face-off versus Zack Ostapchuk in KUUJJUAQ MOSQUITO zone.
16:03 of 1st period - Off-side.
16:04 of 1st period - Niko Huuhtanen wins face-off versus Matthew Poitras in neutral zone.
16:29 of 1st period - Shot by Curtis Lazar.
16:29 of 1st period - Shot Misses the Net.
16:31 of 1st period - Shot by Jaycob Megna.
16:31 of 1st period - Shot Misses the Net.
16:57 of 1st period - Shot by Zack Ostapchuk.
16:57 of 1st period - Stopped by Hunter Shepard with a rebound.
17:06 of 1st period - Jonathan Gruden is hit by Dyllan Gill and loses puck.
17:13 of 1st period - Shot by Niko Huuhtanen.
17:13 of 1st period - Stopped by Jaxson Stauber without a rebound.
17:14 of 1st period - Matthew Poitras wins face-off versus Niko Huuhtanen in PHILADELPHIA RAIDERS zone.
17:31 of 1st period - Icing by Matthew Poitras.
17:32 of 1st period - Bradley Marek wins face-off versus Cameron Lund in PHILADELPHIA RAIDERS zone.
18:00 of 1st period - Shot by Alex Swetlikoff.
18:00 of 1st period - Deflect By Bradley Marek.
18:00 of 1st period - Shot Misses the Net.
18:26 of 1st period - Shot by Jonathan Gruden.
18:26 of 1st period - Stopped by Hunter Shepard with a rebound.
18:50 of 1st period - Shot by Zack Ostapchuk.
18:50 of 1st period - Stopped by Hunter Shepard without a rebound.
18:51 of 1st period - Tyce Thompson wins face-off versus Adam Sykora in KUUJJUAQ MOSQUITO zone.
19:00 of 1st period - Shot by Curtis Lazar.
19:00 of 1st period - Shot Misses the Net.
19:02 of 1st period - Shot by Curtis Lazar.
19:02 of 1st period - Stopped by Hunter Shepard without a rebound.
19:03 of 1st period - Adam Sykora wins face-off versus Zack Ostapchuk in KUUJJUAQ MOSQUITO zone.
19:15 of 1st period - Shot by Jonathan Gruden.
19:15 of 1st period - Stopped by Hunter Shepard with a rebound.
19:17 of 1st period - Shot by Jonathan Gruden.
19:17 of 1st period - Stopped by Hunter Shepard with a rebound.
19:30 of 1st period - Shot by Gavin Hayes.
19:30 of 1st period - Stopped by Hunter Shepard without a rebound.
19:31 of 1st period - Reece Newkirk wins face-off versus Matthew Poitras in KUUJJUAQ MOSQUITO zone.
19:31 of 1st period - Reece Newkirk is hit by Curtis Lazar.
19:34 of 1st period - Icing by Niko Huuhtanen.
19:35 of 1st period - Matthew Poitras wins face-off versus Reece Newkirk in KUUJJUAQ MOSQUITO zone.
19:48 of 1st period - Shot by Matthew Poitras.
19:48 of 1st period - Stopped by Hunter Shepard with a rebound.
19:50 of 1st period - Shot by Jaycob Megna.
19:50 of 1st period - Stopped by Hunter Shepard with a rebound.
19:52 of 1st period - Shot by Shai Buium.
19:52 of 1st period - Stopped by Hunter Shepard with a rebound.
19:58 of 1st period - Shot by Curtis Lazar.
19:58 of 1st period - Shot Misses the Net.
Goals for this period are 2 for KUUJJUAQ MOSQUITO vs 1 for PHILADELPHIA RAIDERS.
Shots for this period are 13 for KUUJJUAQ MOSQUITO vs 25 for PHILADELPHIA RAIDERS.

2nd period


0:01 of 2nd period - Marc McLaughlin wins face-off versus Matthew Poitras in neutral zone.
0:18 of 2nd period - Shot by Matthew Poitras.
0:18 of 2nd period - Shot Misses the Net.
0:30 of 2nd period - Shot by Curtis Lazar.
0:30 of 2nd period - Shot Misses the Net.
0:32 of 2nd period - Shot by Curtis Lazar.
0:32 of 2nd period - Deflect By Matthew Poitras.
0:32 of 2nd period - Shot Misses the Net.
0:49 of 2nd period - Icing by Dennis Cholowski.
0:50 of 2nd period - Adam Sykora wins face-off versus Matthew Poitras in PHILADELPHIA RAIDERS zone.
0:57 of 2nd period - Shot by Adam Sykora.
0:57 of 2nd period - Stopped by Jaxson Stauber without a rebound.
0:58 of 2nd period - Zack Ostapchuk wins face-off versus Alex Swetlikoff in PHILADELPHIA RAIDERS zone.
1:18 of 2nd period - Shot by Zack Ostapchuk.
1:18 of 2nd period - Shot Misses the Net.
1:20 of 2nd period - Shot by Zack Ostapchuk.
1:20 of 2nd period - Shot Blocked by Ben Zloty.
1:22 of 2nd period - Shot by Zack Ostapchuk.
1:22 of 2nd period - Shot Misses the Net.
1:24 of 2nd period - Shot by Jonathan Gruden.
1:24 of 2nd period - Deflect By Zack Ostapchuk.
1:24 of 2nd period - Shot Blocked by Ben Zloty.
1:26 of 2nd period - Shot by Brandon Scanlin.
1:26 of 2nd period - Shot Misses the Net.
1:50 of 2nd period - Niko Huuhtanen is hit by Zack Ostapchuk and loses puck.
2:05 of 2nd period - Shot by Matthew Poitras.
2:05 of 2nd period - Goal by Matthew Poitras - KUUJJUAQ MOSQUITO : 2 - PHILADELPHIA RAIDERS : 2.
2:06 of 2nd period - Matthew Poitras wins face-off versus Niko Huuhtanen in neutral zone.
2:06 of 2nd period - Dennis Cholowski is hit by Niko Huuhtanen and loses puck.
2:22 of 2nd period - Icing by Tobias Bjornfot.
2:23 of 2nd period - Matthew Poitras wins face-off versus Niko Huuhtanen in KUUJJUAQ MOSQUITO zone.
2:29 of 2nd period - Matthew Poitras is hit by Scott Harrington and loses puck.
3:25 of 2nd period - Icing by Jordan Harris.
3:26 of 2nd period - Adam Sykora wins face-off versus Zack Ostapchuk in KUUJJUAQ MOSQUITO zone.
3:26 of 2nd period - Adam Sykora is hit by Zack Ostapchuk.
3:46 of 2nd period - Shot by Zack Ostapchuk.
3:46 of 2nd period - Deflect By Jonathan Gruden.
3:46 of 2nd period - Shot Misses the Net.
3:48 of 2nd period - Shot by Zack Ostapchuk.
3:48 of 2nd period - Deflect By Jonathan Gruden.
3:48 of 2nd period - Stopped by Hunter Shepard without a rebound.
3:49 of 2nd period - Marc McLaughlin wins face-off versus Zack Ostapchuk in KUUJJUAQ MOSQUITO zone.
4:02 of 2nd period - Shot by Dennis Cholowski.
4:02 of 2nd period - Stopped by Hunter Shepard with a rebound.
4:15 of 2nd period - Shot by Jonathan Gruden.
4:15 of 2nd period - Stopped by Hunter Shepard without a rebound.
4:16 of 2nd period - Adam Sykora wins face-off versus Tyce Thompson in KUUJJUAQ MOSQUITO zone.
4:32 of 2nd period - Adam Sykora is hit by Shai Buium and loses puck.
4:45 of 2nd period - Minor Penalty to Bradley Marek for Hooking.
4:46 of 2nd period - Matthew Poitras wins face-off versus Xavier Parent in KUUJJUAQ MOSQUITO zone.
5:36 of 2nd period - Shot by Zack Ostapchuk.
5:36 of 2nd period - Deflect By Gavin Hayes.
5:36 of 2nd period - Shot Blocked by Tobias Bjornfot.
5:38 of 2nd period - Shot by Shai Buium.
5:38 of 2nd period - Stopped by Hunter Shepard with a rebound.
5:40 of 2nd period - Shot by Zack Ostapchuk.
5:40 of 2nd period - Stopped by Hunter Shepard with a rebound.
5:42 of 2nd period - Shot by Jonathan Gruden.
5:42 of 2nd period - Shot Misses the Net.
5:50 of 2nd period - Shot by Zack Ostapchuk.
5:50 of 2nd period - Stopped by Hunter Shepard without a rebound.
5:51 of 2nd period - Niko Huuhtanen wins face-off versus Matthew Poitras in KUUJJUAQ MOSQUITO zone.
6:14 of 2nd period - Shot by Curtis Lazar.
6:14 of 2nd period - Shot Hit the Post.
6:56 of 2nd period - Shot by Tyler Thorpe.
6:56 of 2nd period - Shot Misses the Net.
6:58 of 2nd period - Shot by Niko Huuhtanen.
6:58 of 2nd period - Deflect By Marc McLaughlin.
6:58 of 2nd period - Shot Blocked by Shai Buium.
7:00 of 2nd period - Shot by Jakub Dvorak.
7:00 of 2nd period - Stopped by Jaxson Stauber without a rebound.
7:01 of 2nd period - Adam Sykora wins face-off versus Jonathan Gruden in PHILADELPHIA RAIDERS zone.
7:12 of 2nd period - Shot by Alex Swetlikoff.
7:12 of 2nd period - Stopped by Jaxson Stauber without a rebound.
7:13 of 2nd period - Matthew Poitras wins face-off versus Reece Newkirk in PHILADELPHIA RAIDERS zone.
7:13 of 2nd period - Matthew Poitras is hit by Niko Huuhtanen.
7:29 of 2nd period - Shot by Riley Kidney.
7:29 of 2nd period - Shot Blocked by Jordan Harris.
7:34 of 2nd period - Icing by Jakub Dvorak.
7:35 of 2nd period - Zack Ostapchuk wins face-off versus Reece Newkirk in KUUJJUAQ MOSQUITO zone.
7:39 of 2nd period - Icing by Jordan Harris.
7:40 of 2nd period - Jonathan Gruden wins face-off versus Reece Newkirk in KUUJJUAQ MOSQUITO zone.
8:03 of 2nd period - Icing by Dennis Cholowski.
8:04 of 2nd period - Zack Ostapchuk wins face-off versus Adam Sykora in PHILADELPHIA RAIDERS zone.
8:15 of 2nd period - Shot by Bradley Marek.
8:15 of 2nd period - Stopped by Jaxson Stauber without a rebound.
8:16 of 2nd period - Adam Sykora wins face-off versus Matthew Poitras in PHILADELPHIA RAIDERS zone.
8:24 of 2nd period - Icing by Curtis Lazar.
8:25 of 2nd period - Alex Swetlikoff wins face-off versus Matthew Poitras in PHILADELPHIA RAIDERS zone.
8:30 of 2nd period - Shot by Adam Sykora.
8:30 of 2nd period - Shot Blocked by Curtis Lazar.
8:38 of 2nd period - Shot by Matthew Poitras.
8:38 of 2nd period - Shot Misses the Net.
8:40 of 2nd period - Shot by Curtis Lazar.
8:40 of 2nd period - Stopped by Hunter Shepard with a rebound.
8:42 of 2nd period - Shot by Curtis Lazar.
8:42 of 2nd period - Deflect By Matthew Poitras.
8:42 of 2nd period - Stopped by Hunter Shepard without a rebound.
8:43 of 2nd period - Jonathan Gruden wins face-off versus Marc McLaughlin in KUUJJUAQ MOSQUITO zone.
8:52 of 2nd period - Shot by Zack Ostapchuk.
8:52 of 2nd period - Stopped by Hunter Shepard without a rebound.
8:53 of 2nd period - Adam Sykora wins face-off versus Matthew Poitras in KUUJJUAQ MOSQUITO zone.
8:53 of 2nd period - Adam Sykora is hit by Lukas Rousek.
9:12 of 2nd period - Shot by Curtis Lazar.
9:12 of 2nd period - Stopped by Hunter Shepard with a rebound.
9:14 of 2nd period - Shot by Curtis Lazar.
9:14 of 2nd period - Stopped by Hunter Shepard with a rebound.
9:16 of 2nd period - Shot by Curtis Lazar.
9:16 of 2nd period - Shot Misses the Net.
10:01 of 2nd period - Icing by Scott Harrington.
10:02 of 2nd period - Zack Ostapchuk wins face-off versus Marc McLaughlin in KUUJJUAQ MOSQUITO zone.
10:19 of 2nd period - Shot by Dennis Cholowski.
10:19 of 2nd period - Stopped by Hunter Shepard without a rebound.
10:20 of 2nd period - Adam Sykora wins face-off versus Zack Ostapchuk in KUUJJUAQ MOSQUITO zone.
10:36 of 2nd period - Shot by Jonathan Gruden.
10:36 of 2nd period - Stopped by Hunter Shepard without a rebound.
10:37 of 2nd period - Reece Newkirk wins face-off versus Matthew Poitras in KUUJJUAQ MOSQUITO zone.
10:52 of 2nd period - Shot by Reece Newkirk.
10:52 of 2nd period - Stopped by Jaxson Stauber with a rebound.
11:32 of 2nd period - Shot by Gavin Hayes.
11:32 of 2nd period - Shot Misses the Net.
11:34 of 2nd period - Shot by Jonathan Gruden.
11:34 of 2nd period - Stopped by Hunter Shepard with a rebound.
11:36 of 2nd period - Shot by Zack Ostapchuk.
11:36 of 2nd period - Stopped by Hunter Shepard without a rebound.
11:37 of 2nd period - Marc McLaughlin wins face-off versus Zack Ostapchuk in KUUJJUAQ MOSQUITO zone.
11:37 of 2nd period - Marc McLaughlin is hit by Zack Ostapchuk.
11:38 of 2nd period - Minor Penalty to Zack Ostapchuk for Boarding.
11:39 of 2nd period - Curtis Lazar wins face-off versus Marc McLaughlin in PHILADELPHIA RAIDERS zone.
12:50 of 2nd period - Shot by Bradley Marek.
12:50 of 2nd period - Stopped by Jaxson Stauber without a rebound.
12:51 of 2nd period - Marc McLaughlin wins face-off versus Curtis Lazar in PHILADELPHIA RAIDERS zone.
13:19 of 2nd period - Shot by Xavier Parent.
13:19 of 2nd period - Deflect By Niko Huuhtanen.
13:19 of 2nd period - Stopped by Jaxson Stauber with a rebound.
13:49 of 2nd period - Shot by Zack Ostapchuk.
13:49 of 2nd period - Shot Misses the Net.
13:51 of 2nd period - Shot by Zack Ostapchuk.
13:51 of 2nd period - Stopped by Hunter Shepard without a rebound.
13:52 of 2nd period - Reece Newkirk wins face-off versus Zack Ostapchuk in KUUJJUAQ MOSQUITO zone.
13:52 of 2nd period - Reece Newkirk is hit by Zack Ostapchuk.
14:07 of 2nd period - Icing by Xavier Parent.
14:08 of 2nd period - Lukas Rousek wins face-off versus Reece Newkirk in KUUJJUAQ MOSQUITO zone.
14:21 of 2nd period - Shot by Lukas Rousek.
14:21 of 2nd period - Shot Misses the Net.
14:23 of 2nd period - Shot by Matthew Poitras.
14:23 of 2nd period - Goal by Matthew Poitras - KUUJJUAQ MOSQUITO : 2 - PHILADELPHIA RAIDERS : 3.
14:24 of 2nd period - Adam Sykora wins face-off versus Zack Ostapchuk in neutral zone.
14:40 of 2nd period - Shot by Gavin Hayes.
14:40 of 2nd period - Stopped by Hunter Shepard without a rebound.
14:41 of 2nd period - Matthew Poitras wins face-off versus Niko Huuhtanen in KUUJJUAQ MOSQUITO zone.
14:48 of 2nd period - Shot by Matthew Poitras.
14:48 of 2nd period - Shot Misses the Net.
14:50 of 2nd period - Shot by Matthew Poitras.
14:50 of 2nd period - Shot Misses the Net.
14:54 of 2nd period - Shot by Matthew Poitras.
14:54 of 2nd period - Stopped by Hunter Shepard without a rebound.
14:55 of 2nd period - Adam Sykora wins face-off versus Zack Ostapchuk in KUUJJUAQ MOSQUITO zone.
15:08 of 2nd period - Shot by Adam Sykora.
15:08 of 2nd period - Shot Misses the Net.
15:48 of 2nd period - Matthew Poitras is hit by Alex Swetlikoff and loses puck.
16:03 of 2nd period - Shot by Curtis Lazar.
16:03 of 2nd period - Stopped by Hunter Shepard without a rebound.
16:04 of 2nd period - Matthew Poitras wins face-off versus Marc McLaughlin in KUUJJUAQ MOSQUITO zone.
16:09 of 2nd period - Shot by Cameron Lund.
16:09 of 2nd period - Stopped by Hunter Shepard without a rebound.
16:10 of 2nd period - Zack Ostapchuk wins face-off versus Xavier Parent in KUUJJUAQ MOSQUITO zone.
16:15 of 2nd period - Shot by Gavin Hayes.
16:15 of 2nd period - Shot Blocked by Jordan Harris.
16:20 of 2nd period - Marc McLaughlin is hit by Brandon Scanlin and loses puck.
16:45 of 2nd period - Shot by Marc McLaughlin.
16:45 of 2nd period - Stopped by Jaxson Stauber with a rebound.
17:35 of 2nd period - Shot by Curtis Lazar.
17:35 of 2nd period - Shot Misses the Net.
17:37 of 2nd period - Shot by Shai Buium.
17:37 of 2nd period - Shot Misses the Net.
17:39 of 2nd period - Shot by Jaycob Megna.
17:39 of 2nd period - Shot Misses the Net.
18:54 of 2nd period - Shot by Jonathan Gruden.
18:54 of 2nd period - Shot Blocked by Scott Harrington.
18:56 of 2nd period - Shot by Zack Ostapchuk.
18:56 of 2nd period - Shot Misses the Net.
18:58 of 2nd period - Shot by Jonathan Gruden.
18:58 of 2nd period - Shot Misses the Net.
19:12 of 2nd period - Shot by Matthew Poitras.
19:12 of 2nd period - Stopped by Hunter Shepard without a rebound.
19:13 of 2nd period - Matthew Poitras wins face-off versus Niko Huuhtanen in KUUJJUAQ MOSQUITO zone.
19:24 of 2nd period - Shot by Matthew Poitras.
19:24 of 2nd period - Stopped by Hunter Shepard without a rebound.
19:25 of 2nd period - Riley Kidney wins face-off versus Marc McLaughlin in KUUJJUAQ MOSQUITO zone.
19:32 of 2nd period - Shot by Riley Kidney.
19:32 of 2nd period - Deflect By Matthew Poitras.
19:32 of 2nd period - Shot Misses the Net.
19:34 of 2nd period - Shot by Dennis Cholowski.
19:34 of 2nd period - Stopped by Hunter Shepard with a rebound.
19:36 of 2nd period - Shot by Matthew Poitras.
19:36 of 2nd period - Stopped by Hunter Shepard with a rebound.
19:38 of 2nd period - Shot by Dennis Cholowski.
19:38 of 2nd period - Stopped by Hunter Shepard without a rebound.
19:39 of 2nd period - Matthew Poitras wins face-off versus Reece Newkirk in KUUJJUAQ MOSQUITO zone.
Goals for this period are 0 for KUUJJUAQ MOSQUITO vs 2 for PHILADELPHIA RAIDERS.
Shots for this period are 8 for KUUJJUAQ MOSQUITO vs 27 for PHILADELPHIA RAIDERS.

3rd period


0:01 of 3rd period - Marc McLaughlin wins face-off versus Matthew Poitras in neutral zone.
0:03 of 3rd period - Off-side.
0:04 of 3rd period - Marc McLaughlin wins face-off versus Matthew Poitras in neutral zone.
0:13 of 3rd period - Shot by Niko Huuhtanen.
0:13 of 3rd period - Shot Misses the Net.
0:15 of 3rd period - Shot by Jordan Harris.
0:15 of 3rd period - Shot Misses the Net.
0:29 of 3rd period - Shot by Niko Huuhtanen.
0:29 of 3rd period - Shot Misses the Net.
0:42 of 3rd period - Icing by Tobias Bjornfot.
0:43 of 3rd period - Marc McLaughlin wins face-off versus Jonathan Gruden in KUUJJUAQ MOSQUITO zone.
0:54 of 3rd period - Shot by Gavin Hayes.
0:54 of 3rd period - Stopped by Hunter Shepard without a rebound.
0:55 of 3rd period - Adam Sykora wins face-off versus Zack Ostapchuk in KUUJJUAQ MOSQUITO zone.
1:00 of 3rd period - Shot by Adam Sykora.
1:00 of 3rd period - Deflect By Bradley Marek.
1:00 of 3rd period - Stopped by Jaxson Stauber with a rebound.
1:02 of 3rd period - Shot by Scott Harrington.
1:02 of 3rd period - Stopped by Jaxson Stauber without a rebound.
1:03 of 3rd period - Adam Sykora wins face-off versus Matthew Poitras in PHILADELPHIA RAIDERS zone.
1:03 of 3rd period - Adam Sykora is hit by Shai Buium.
1:05 of 3rd period - Shot by Bradley Marek.
1:05 of 3rd period - Shot Blocked by Shai Buium.
1:47 of 3rd period - Icing by Scott Harrington.
1:48 of 3rd period - Adam Sykora wins face-off versus Zack Ostapchuk in KUUJJUAQ MOSQUITO zone.
1:48 of 3rd period - Adam Sykora is hit by Zack Ostapchuk.
2:08 of 3rd period - Shot by Niko Huuhtanen.
2:08 of 3rd period - Stopped by Jaxson Stauber with a rebound.
2:10 of 3rd period - Shot by Jordan Harris.
2:10 of 3rd period - Shot Misses the Net.
2:59 of 3rd period - Icing by Adam Sykora.
3:00 of 3rd period - Matthew Poitras wins face-off versus Adam Sykora in KUUJJUAQ MOSQUITO zone.
3:01 of 3rd period - Shot by Curtis Lazar.
3:01 of 3rd period - Deflect By Matthew Poitras.
3:01 of 3rd period - Shot Blocked by Scott Harrington.
3:11 of 3rd period - Shot by Matthew Poitras.
3:11 of 3rd period - Deflect By Curtis Lazar.
3:11 of 3rd period - Shot Misses the Net.
3:13 of 3rd period - Shot by Curtis Lazar.
3:13 of 3rd period - Stopped by Hunter Shepard with a rebound.
3:40 of 3rd period - Minor Penalty to Dyllan Gill for Tripping.
3:41 of 3rd period - Josh Davies wins face-off versus Cameron Lund in KUUJJUAQ MOSQUITO zone.
5:42 of 3rd period - Riley Kidney is hit by Jakub Dvorak and loses puck.
5:56 of 3rd period - Bokondji Imama is hit by Brandon Scanlin and loses puck.
6:01 of 3rd period - Shot by Bokondji Imama.
6:01 of 3rd period - Shot Misses the Net.
6:03 of 3rd period - Shot by Bokondji Imama.
6:03 of 3rd period - Deflect By Tyler Thorpe.
6:03 of 3rd period - Shot Misses the Net.
6:05 of 3rd period - Shot by Bokondji Imama.
6:05 of 3rd period - Shot Misses the Net.
7:03 of 3rd period - Shot by Curtis Lazar.
7:03 of 3rd period - Stopped by Hunter Shepard with a rebound.
7:05 of 3rd period - Shot by Curtis Lazar.
7:05 of 3rd period - Stopped by Hunter Shepard without a rebound.
7:06 of 3rd period - Riley Kidney wins face-off versus Adam Sykora in KUUJJUAQ MOSQUITO zone.
7:09 of 3rd period - Shot by Riley Kidney.
7:09 of 3rd period - Stopped by Hunter Shepard without a rebound.
7:10 of 3rd period - Adam Sykora wins face-off versus Riley Kidney in KUUJJUAQ MOSQUITO zone.
7:57 of 3rd period - Jakub Dvorak is hit by Zack Ostapchuk and loses puck.
8:08 of 3rd period - Shot by Gavin Hayes.
8:08 of 3rd period - Shot Misses the Net.
8:16 of 3rd period - Shot by Marc McLaughlin.
8:16 of 3rd period - Shot Misses the Net.
8:18 of 3rd period - Shot by Marc McLaughlin.
8:18 of 3rd period - Stopped by Jaxson Stauber with a rebound.
8:22 of 3rd period - Shot by Tyler Thorpe.
8:22 of 3rd period - Deflect By Marc McLaughlin.
8:22 of 3rd period - Shot Blocked by Jonathan Gruden.
8:24 of 3rd period - Shot by Jakub Dvorak.
8:24 of 3rd period - Shot Blocked by Jonathan Gruden.
8:45 of 3rd period - Niko Huuhtanen is hit by Shai Buium.
8:56 of 3rd period - Reece Newkirk is hit by Shai Buium and loses puck.
9:19 of 3rd period - Shot by Matthew Poitras.
9:19 of 3rd period - Stopped by Hunter Shepard without a rebound.
9:20 of 3rd period - Matthew Poitras wins face-off versus Justin Gill in KUUJJUAQ MOSQUITO zone.
9:26 of 3rd period - Shot by Matthew Poitras.
9:26 of 3rd period - Deflect By Curtis Lazar.
9:26 of 3rd period - Stopped by Hunter Shepard with a rebound.
9:28 of 3rd period - Shot by Dennis Cholowski.
9:28 of 3rd period - Stopped by Hunter Shepard without a rebound.
9:29 of 3rd period - Matthew Poitras wins face-off versus Adam Sykora in KUUJJUAQ MOSQUITO zone.
9:38 of 3rd period - Shot by Riley Kidney.
9:38 of 3rd period - Shot Blocked by Scott Harrington.
9:40 of 3rd period - Shot by Cameron Lund.
9:40 of 3rd period - Shot Blocked by Alex Swetlikoff.
9:42 of 3rd period - Shot by Donovan Sebrango.
9:42 of 3rd period - Shot Blocked by Bradley Marek.
9:44 of 3rd period - Shot by Matthew Poitras.
9:44 of 3rd period - Shot Misses the Net.
10:55 of 3rd period - Jordan Harris is hit by Riley Kidney and loses puck.
11:40 of 3rd period - Minor Penalty to Dyllan Gill for Hooking.
11:41 of 3rd period - Cameron Lund wins face-off versus Josh Davies in KUUJJUAQ MOSQUITO zone.
11:55 of 3rd period - Shot by Jonathan Gruden.
11:55 of 3rd period - Shot Misses the Net.
11:57 of 3rd period - Shot by Jonathan Gruden.
11:57 of 3rd period - Deflect By Cameron Lund.
11:57 of 3rd period - Stopped by Hunter Shepard without a rebound.
11:58 of 3rd period - Zack Ostapchuk wins face-off versus Niko Huuhtanen in KUUJJUAQ MOSQUITO zone.
13:22 of 3rd period - Shot by Marc McLaughlin.
13:22 of 3rd period - Stopped by Jaxson Stauber with a rebound.
13:32 of 3rd period - Shot by Cameron Lund.
13:32 of 3rd period - Shot Misses the Net.
13:38 of 3rd period - Shot by Cameron Lund.
13:38 of 3rd period - Shot Misses the Net.
13:40 of 3rd period - Shot by Donovan Sebrango.
13:40 of 3rd period - Shot Misses the Net.
13:51 of 3rd period - Minor Penalty to Scott Harrington for Tripping.
13:52 of 3rd period - Alex Swetlikoff wins face-off versus Matthew Poitras in KUUJJUAQ MOSQUITO zone.
14:16 of 3rd period - Shot by Curtis Lazar.
14:16 of 3rd period - Stopped by Hunter Shepard without a rebound.
14:17 of 3rd period - Alex Swetlikoff wins face-off versus Zack Ostapchuk in KUUJJUAQ MOSQUITO zone.
14:17 of 3rd period - Alex Swetlikoff is hit by Zack Ostapchuk.
14:32 of 3rd period - Shot by Zack Ostapchuk.
14:32 of 3rd period - Stopped by Hunter Shepard without a rebound.
14:33 of 3rd period - Alex Swetlikoff wins face-off versus Matthew Poitras in KUUJJUAQ MOSQUITO zone.
14:33 of 3rd period - Alex Swetlikoff is hit by Curtis Lazar.
14:55 of 3rd period - Shot by Curtis Lazar.
14:55 of 3rd period - Shot Misses the Net.
15:05 of 3rd period - Matthew Poitras is hit by Niko Huuhtanen.
15:21 of 3rd period - Jakub Dvorak is hit by Curtis Lazar and loses puck.
16:08 of 3rd period - Shot by Niko Huuhtanen.
16:08 of 3rd period - Shot Misses the Net.
16:10 of 3rd period - Shot by Scott Harrington.
16:10 of 3rd period - Stopped by Jaxson Stauber with a rebound.
16:44 of 3rd period - Shot by Adam Sykora.
16:44 of 3rd period - Stopped by Jaxson Stauber without a rebound.
16:45 of 3rd period - Reece Newkirk wins face-off versus Riley Kidney in PHILADELPHIA RAIDERS zone.
16:45 of 3rd period - Xavier Parent is hit by Noah Warren.
16:53 of 3rd period - Shot by Reece Newkirk.
16:53 of 3rd period - Shot Misses the Net.
17:01 of 3rd period - Shot by Tyce Thompson.
17:01 of 3rd period - Shot Blocked by Jakub Dvorak.
17:03 of 3rd period - Shot by Riley Kidney.
17:03 of 3rd period - Shot Hit the Post.
17:05 of 3rd period - Shot by Donovan Sebrango.
17:05 of 3rd period - Goal by Donovan Sebrango - KUUJJUAQ MOSQUITO : 2 - PHILADELPHIA RAIDERS : 4.
17:06 of 3rd period - Adam Sykora wins face-off versus Cameron Lund in neutral zone.
17:16 of 3rd period - Shot by Adam Sykora.
17:16 of 3rd period - Shot Misses the Net.
17:24 of 3rd period - Shot by Riley Kidney.
17:24 of 3rd period - Stopped by Hunter Shepard without a rebound.
17:25 of 3rd period - Zack Ostapchuk wins face-off versus Marc McLaughlin in KUUJJUAQ MOSQUITO zone.
17:36 of 3rd period - Shot by Zack Ostapchuk.
17:36 of 3rd period - Shot Misses the Net.
17:38 of 3rd period - Shot by Jonathan Gruden.
17:38 of 3rd period - Shot Blocked by Jordan Harris.
17:40 of 3rd period - Shot by Zack Ostapchuk.
17:40 of 3rd period - Stopped by Hunter Shepard without a rebound.
17:41 of 3rd period - Alex Swetlikoff wins face-off versus Riley Kidney in KUUJJUAQ MOSQUITO zone.
18:51 of 3rd period - Shot by Niko Huuhtanen.
18:51 of 3rd period - Shot Blocked by Zack Ostapchuk.
18:53 of 3rd period - Shot by Marc McLaughlin.
18:53 of 3rd period - Stopped by Jaxson Stauber without a rebound.
18:54 of 3rd period - Reece Newkirk wins face-off versus Matthew Poitras in PHILADELPHIA RAIDERS zone.
18:54 of 3rd period - Xavier Parent is hit by Shai Buium and loses puck.
19:18 of 3rd period - Shot by Niko Huuhtanen.
19:18 of 3rd period - Goal by Niko Huuhtanen - KUUJJUAQ MOSQUITO : 3 - PHILADELPHIA RAIDERS : 4.
19:19 of 3rd period - Adam Sykora wins face-off versus Matthew Poitras in neutral zone.
19:22 of 3rd period - KUUJJUAQ MOSQUITO, Hunter Shepard is pulled from the net.
19:34 of 3rd period - Shot by Matthew Poitras.
19:34 of 3rd period - Goal by Matthew Poitras - KUUJJUAQ MOSQUITO : 3 - PHILADELPHIA RAIDERS : 5.
19:34 of 3rd period - Hunter Shepard from KUUJJUAQ MOSQUITO was sent back in the game.
19:35 of 3rd period - Zack Ostapchuk wins face-off versus Adam Sykora in neutral zone.
Goals for this period are 1 for KUUJJUAQ MOSQUITO vs 2 for PHILADELPHIA RAIDERS.
Shots for this period are 9 for KUUJJUAQ MOSQUITO vs 15 for PHILADELPHIA RAIDERS.